Map: Site Delta LE

Players

Wayne (Vanya)

  • Race: Zerg Zerg
  • League: Master
  • Spawn Location: 11:00

Bunny - Winner!

  • Race: Terran Terran
  • Spawn Location: 5:00

Event: IEM Katowice 2024

VOD

Have the link to the VOD?

Description

Time

  • Played on: Dec. 7, 2023, 2:51 p.m.
  • Length: 16:41

All games in this series

Show
View Real Time Build Order
Export as new Build Order

Wayne Zerg 

Build Orders: Hatch First 

Get SALT Encoding   

  12  0:00  Drone  
  13  0:12  Overlord  
  13  0:17  Drone  
  14  0:30  Drone x2  
  16  0:47  Hatchery  
  15  0:50  Drone  
  15  0:54  Drone  
  17  0:57  Drone  
  18  1:08  Extractor  
  17  1:12  Spawning Pool  
  17  1:16  Drone  
  17  1:19  Drone  
  18  1:28  Drone  
  19  1:39  Drone  
  20  1:49  Drone  
  21  1:59  Queen x2  
  21  2:00  Zergling x4  
  27  2:10  Overlord  
  27  2:11  Zergling x2  
  27  2:12  Metabolic Boost  
  28  2:29  Drone  
  29  2:30  Drone  
  29  2:32  Drone  
  29  2:33  Drone  
  29  2:35  Queen  
  34  2:42  Overlord  
  34  2:44  Queen  
  36  3:00  Drone  
  36  3:01  Drone x2  
  36  3:03  Drone  
  40  3:06  Overlord  
  40  3:07  Overlord  
  40  3:08  Drone x3  
  40  3:11  Drone  
  44  3:22  Lair  
  44  3:30  Drone  
  44  3:31  Hatchery  
  44  3:33  Drone  
  45  3:37  Queen  
  47  3:46  Drone x5  
  52  3:52  Extractor  
  51  3:56  Baneling Nest  
  51  3:57  Drone x3  
  51  4:01  Overlord  
  53  4:04  Overlord  
  53  4:06  Drone  
  53  4:07  Drone  
  53  4:09  Extractor  
  54  4:11  Extractor  
  54  4:16  Drone  
  54  4:17  Drone x4  
  57  4:28  Spire  
  57  4:29  Drone  
  57  4:34  Zergling x6  
  57  4:35  Zergling x2, Overseer  
  61  4:48  Overlord  
  61  4:50  Overseer, Spore Crawler  
  61  4:52  Drone, Spore Crawler  
  61  4:58  Drone x2  
  62  5:00  Drone x2  
  62  5:02  Spore Crawler  
  62  5:06  Drone  
  62  5:07  Drone  
  64  5:12  Spore Crawler  
  64  5:13  Zergling x6, Drone, Spore Crawler  
  66  5:18  Drone x3  
  70  5:41  Mutalisk x6  
  82  5:47  Mutalisk  
  82  5:48  Zergling x2  
  82  5:49  Zergling x10  
  87  5:54  Extractor  
  87  5:56  Extractor  
  84  6:03  Zergling x14  
  83  6:13  Drone x2  
  83  6:15  Drone x2  
  83  6:16  Drone  
  83  6:17  Mutalisk x2  
  87  6:22  Drone x2  
  86  6:28  Drone  
  86  6:32  Drone x2  
  88  6:33  Overlord  
  88  6:37  Drone x2  
  90  6:40  Zerg Flyer Weapons Level 1  
  90  6:42  Evolution Chamber  
  90  6:44  Drone  
  90  6:46  Overlord x2  
  91  6:54  Drone x4  
  91  7:00  Drone  
  91  7:01  Drone x3  
  98  7:02  Centrifugal Hooks, Hatchery  
  97  7:11  Zerg Ground Armor Level 1  
  97  7:12  Drone  
  97  7:13  Drone, Evolution Chamber  
  98  7:18  Zergling x6  
  98  7:19  Zergling x4  
  103  7:28  Overlord  
  103  7:29  Mutalisk  
  103  7:30  Mutalisk x3  
  111  7:40  Overlord  
  111  7:41  Overlord  
  111  7:43  Zergling x6  
  114  7:46  Baneling x11  
  114  7:55  Overlord  
  114  7:59  Overlord  
  114  8:00  Mutalisk x4  
  114  8:05  Overlord  
  122  8:07  Zergling x8  
  122  8:09  Baneling x5  
  126  8:19  Zergling x16  
  134  8:24  Zergling x8  
  138  8:30  Mutalisk x3  
  143  8:37  Zergling x8  
  143  8:38  Zergling x6  
  150  8:49  Overlord x2  
  150  8:51  Baneling x5  
  150  8:53  Queen  
  150  8:54  Extractor, Drone x3  
  154  8:56  Drone  
  154  9:01  Drone x3  
  158  9:03  Zerg Flyer Weapons Level 2  
  158  9:07  Zerg Ground Armor Level 2  
  158  9:11  Zergling x6  
  161  9:20  Zergling x2  
  161  9:21  Zergling x16  
  170  9:25  Baneling x9  
  170  9:27  Spore Crawler  
  170  9:28  Overseer  
  165  9:35  Zergling x16  
  170  9:41  Drone x3  
  171  9:49  Zergling x8  
  171  9:52  Baneling x14  
  176  9:53  Overlord  
  176  9:56  Overlord  
  174  10:02  Zerg Melee Weapons Level 1  
  174  10:03  Overlord  
  174  10:06  Baneling x6  
  174  10:07  Overlord  
  172  10:09  Zergling x6  
  173  10:15  Zergling x10  
  176  10:23  Mutalisk  
  176  10:24  Mutalisk x3  
  181  10:34  Zergling x18  
  144  10:50  Zergling x24  
  144  10:54  Baneling  
  144  10:55  Zergling x6, Baneling x3  
  144  10:57  Baneling x6  
  140  11:02  Zergling x8  
  142  11:04  Baneling x2  
  142  11:10  Zergling x8  
  123  11:19  Zergling x6  
  122  11:26  Baneling x5  
  122  11:27  Baneling x5  
  122  11:28  Baneling x6  
  122  11:30  Zergling x2  
  122  11:31  Zergling x4  
  125  11:35  Zergling x2  
  123  11:44  Zergling x18  
  116  11:49  Zergling x2  
  116  11:51  Baneling x2  
  116  11:52  Baneling x4  
  117  11:55  Mutalisk x3  
  123  12:07  Hatchery  
  120  12:13  Mutalisk  
  120  12:14  Mutalisk x3  
  129  12:24  Zergling x10  
  132  12:35  Zergling x10  
  133  12:42  Zergling x6  
  133  12:43  Baneling x3  
  133  12:44  Baneling x7  
  129  12:51  Zergling x4  
  130  12:57  Zergling x4  
  111  13:14  Mutalisk x5  
  111  13:18  Zergling x2  
  117  13:20  Baneling x2  
  117  13:22  Zergling x2  
  117  13:24  Baneling x4  
  111  13:29  Hatchery  
  111  13:32  Zergling x4  
  112  13:37  Hatchery  
  107  13:41  Baneling x4  
  107  13:42  Mutalisk x2  
  111  13:50  Baneling  
  111  13:51  Baneling x3  
  111  13:56  Mutalisk x3  
  115  14:07  Zergling x6  
  115  14:08  Zergling x6  
  113  14:13  Mutalisk x2  
  115  14:23  Zergling x4  
  117  14:31  Zergling x6  
  116  14:39  Mutalisk x3  
  118  14:47  Zergling x2  
  118  14:51  Baneling x6  
  116  14:55  Zergling x10  
  116  14:58  Baneling  
  116  14:59  Baneling x4  
  122  15:05  Zergling x6  
  122  15:09  Zergling x2  
  123  15:20  Zergling x6  
  122  15:21  Baneling x9  
  118  15:35  Zergling x8  
  118  15:56  Zergling x8  
  101  16:12  Zergling x8  
Show
View Real Time Build Order
Export as new Build Order

Bunny Terran - Winner!

Build Orders: Reaper Expand, Hellion Banshee 

Get SALT Encoding   

  12  0:00  SCV  
  13  0:13  SCV  
  14  0:17  Supply Depot  
  14  0:25  SCV  
  15  0:39  SCV  
  15  0:40  Barracks  
  16  0:43  Refinery  
  16  0:51  SCV  
  17  1:03  SCV  
  18  1:15  SCV  
  19  1:28  Orbital Command, Reaper  
  20  1:39  Command Center  
  20  1:48  Supply Depot  
  20  1:53  SCV  
  21  1:59  Marine  
  22  2:05  SCV  
  23  2:09  Factory  
  23  2:17  SCV  
  23  2:21  Barracks Reactor  
  24  2:29  SCV  
  25  2:41  SCV  
  26  2:44  Command Center  
  26  2:52  Orbital Command  
  26  2:54  SCV  
  27  2:58  Starport  
  27  3:04  Refinery  
  27  3:06  SCV  
  27  3:10  Barracks Tech Lab  
  28  3:13  Hellion  
  28  3:19  SCV x2  
  32  3:23  Hellion  
  34  3:31  SCV x2  
  35  3:34  Hellion  
  37  3:42  Banshee  
  37  3:43  SCV x2  
  37  3:45  Hellion  
  44  3:56  SCV  
  44  3:57  Orbital Command  
  44  3:58  Hellion, Cloaking Field, SCV  
  48  4:04  Barracks Tech Lab  
  48  4:08  SCV  
  48  4:09  Hellion  
  51  4:10  Supply Depot, SCV  
  52  4:20  Hellion, SCV  
  52  4:22  SCV  
  52  4:23  SCV  
  57  4:25  Banshee  
  57  4:26  Marine  
  61  4:36  SCV x3  
  61  4:38  Supply Depot  
  64  4:47  Barracks  
  64  4:49  Stimpack  
  64  4:50  Factory Reactor  
  64  4:51  Marine  
  66  4:52  SCV  
  66  4:53  Barracks, SCV  
  66  4:56  Orbital Command, Engineering Bay  
  67  5:00  Supply Depot  
  67  5:04  SCV  
  67  5:05  SCV  
  69  5:09  Refinery  
  69  5:10  Refinery  
  69  5:17  SCV x2  
  69  5:19  Barracks  
  69  5:20  Barracks  
  69  5:21  Marine  
  72  5:23  Terran Infantry Weapons Level 1  
  72  5:24  Engineering Bay  
  72  5:25  SCV  
  73  5:29  Starport Reactor, SCV  
  74  5:42  SCV x3  
  74  5:43  Marine  
  74  5:44  Marine  
  74  5:45  Marine  
  75  5:51  Siege Tank  
  72  5:58  SCV x3  
  72  6:00  Marine x2  
  72  6:04  Marine x3  
  81  6:11  SCV x3  
  81  6:13  Medivac  
  81  6:16  Missile Turret  
  81  6:18  Missile Turret x2  
  80  6:20  Marine x3  
  80  6:24  Missile Turret  
  81  6:27  Marine  
  81  6:28  Marine x2  
  81  6:29  Combat Shield  
  73  6:35  SCV x2  
  73  6:36  SCV  
  73  6:38  Marine x4  
  77  6:43  Widow Mine  
  77  6:45  Marine  
  80  6:49  Medivac  
  80  6:51  Marine  
  80  6:55  Marine  
  80  6:56  Marine x2  
  80  6:57  Barracks Reactor x2  
  80  6:59  Missile Turret, SCV  
  80  7:00  SCV x2  
  85  7:13  Supply Depot x2  
  85  7:15  Medivac, Marine  
  88  7:19  Medivac  
  88  7:22  Marine  
  88  7:23  Marine x3  
  88  7:26  SCV  
  88  7:28  Terran Infantry Armor Level 1  
  93  7:34  SCV x2, Marine  
  93  7:35  Barracks  
  96  7:37  Barracks, Marine  
  96  7:38  Marine x3  
  96  7:40  Barracks, Marine x2  
  96  7:41  Siege Tank  
  96  7:43  SCV  
  106  7:46  SCV  
  106  7:47  Marine x2  
  109  7:53  Supply Depot  
  109  7:55  Supply Depot  
  109  8:03  Marine  
  108  8:09  Marine  
  108  8:11  Marine  
  108  8:12  SCV  
  109  8:14  Medivac, Marine x6  
  109  8:17  Siege Tank, Medivac  
  122  8:21  Marine  
  123  8:27  Marine  
  123  8:28  Marine  
  125  8:42  Marine  
  125  8:43  Marine x4  
  125  8:50  Siege Tank, Supply Depot, Marine x5  
  125  8:51  Medivac x2, Marine x2, Supply Depot  
  125  8:53  Supply Depot  
  139  9:00  Marine x2  
  141  9:06  Supply Depot  
  141  9:12  Supply Depot, Marine x9  
  141  9:13  Supply Depot  
  141  9:15  Marine  
  151  9:17  Marine  
  151  9:21  Medivac x2  
  151  9:23  Siege Tank  
  159  9:29  Supply Depot  
  159  9:35  Marine  
  159  9:36  Marine x6  
  166  9:46  Marine x5  
  171  9:53  Marine  
  171  9:54  Marine  
  171  9:55  Siege Tank  
  171  9:58  Marine x5  
  178  10:04  Marine  
  174  10:07  Marine  
  174  10:08  Marine x3  
  174  10:11  Marine x2  
  169  10:16  Marine x5  
  169  10:19  Medivac  
  169  10:22  Marine  
  169  10:27  Siege Tank  
  173  10:29  Marine x6  
  175  10:37  Missile Turret  
  175  10:38  Medivac  
  176  10:49  Marine, Medivac  
  150  10:50  Marine x6  
  150  10:55  Marine x4  
  147  11:05  Siege Tank  
  131  11:21  Marine x11  
  140  11:32  Medivac x2  
  144  11:35  Marine  
  144  11:38  Marine  
  144  11:39  Marine x3  
  149  11:46  Marine x6  
  142  11:52  Siege Tank  
  145  12:05  SCV x3  
  145  12:07  Armory  
  148  12:17  Marine x9  
  157  12:34  Marine x3  
  157  12:35  Marine x7  
  151  12:41  Marine x2  
  145  12:46  Medivac  
  144  12:56  Siege Tank  
  133  13:08  Marine  
  133  13:09  Marine x7  
  136  13:19  Marine x4  
  134  13:26  Marine x3  
  137  13:28  Marine  
  137  13:29  Marine x3  
  137  13:33  Siege Tank  
  144  13:39  Terran Infantry Weapons Level 2  
  143  13:50  Marine x3  
  143  13:52  Marine x5  
  145  14:00  Medivac  
  145  14:02  Marine  
  138  14:03  Marine x3  
  138  14:07  Marine  
  138  14:08  Marine x2  
  135  14:17  Missile Turret  
  128  14:37  Marine x8  
  128  14:38  Marine  
  120  14:47  Marine x3  
  119  14:55  Marine x4  
  123  15:02  Marine  
  123  15:03  Marine x4  
  123  15:04  Marine  
  123  15:05  Marine x2  
  131  15:13  Marine  
  132  15:20  Marine  
  132  15:21  Marine x4  
  134  15:29  Marine x2  
  134  15:30  Marine x5  
  137  15:40  Marine  
  137  15:41  Medivac, Marine  
  135  15:55  Thor  
  132  15:57  Marine  
  121  16:04  Marine x3  

Tags
 
Add a new tag
Caveats
  • Supply blocks, unpowered buildings, or Contaminate may cause inaccurate times.
  • Supply counts are checked every 10 seconds.